PAA
CHESAPEAKE CONTINENTALS @ MINNESOTA LOONS
09/05/2030
 
TOP OF THE 1ST
Chesapeake Continentals batting - Pitching for Minnesota Loons : RHP Lorenzo Díaz
Pitching: RHP Lorenzo Díaz
Batting: SHB Holden Nolan 0-0: Ball
1-0: Ball
2-0: Ball
3-0: Called Strike
3-1: Reached on error, E6 (Groundball, 6)
Batting: RHB Micheal Lovell 0-0: Foul Ball, location: 2F
0-1: Fly out, F7 (Flyball, 7S)
Batting: RHB Rand McNally 0-0: Ball
1-0: Ball
2-0: Called Strike
2-1: Ball
3-1: Swinging Strike
3-2: Strikes out swinging
Batting: RHB Arturo Scantlebury 0-0: Called Strike
0-1: Called Strike
0-2: TRIPLE (Flyball, 8LXD)
Holden Nolan scores
Batting: SHB John Krog 0-0: Called Strike
0-1: Ball
1-1: Foul Ball, location: 2F
1-2: Strikes out swinging
Top of the 1st over - 1 run, 1 hit, 1 error, 1 left on base; Chesapeake 1 - Minnesota 0
BOTTOM OF THE 1ST
Minnesota Loons batting - Pitching for Chesapeake Continentals : RHP Juan Valdéz
Pitching: RHP Juan Valdéz
Batting: LHB Juan Aranda 0-0: SOLO HOME RUN (Flyball, 89XD), Distance : 421 ft
Batting: RHB Jorge Echevarría 0-0: Ball
1-0: Fly out, F7 (Line Drive, 78M)
Batting: RHB Germán Espantoso 0-0: Called Strike
0-1: Called Strike
0-2: Ball
1-2: Ground out 6-3 (Groundball, 6M)
Batting: RHB Ramón Yniguez 0-0: Ball
1-0: Ball
2-0: Ball
3-0: Base on Balls
Batting: RHB Jorge Arreola 0-0: Called Strike
Ramón Yniguez steals 2nd base
0-1: Ball
1-1: Swinging Strike
1-2: Foul Ball, location: 2F
1-2: Foul Ball, location: 2F
1-2: Foul Ball, location: 2F
1-2: Foul Ball, location: 2F
1-2: Ball
2-2: Ball
3-2: Base on Balls
Batting: RHB Luis Delvalle 0-0: Fly out, F9 (Flyball, 9S)
Bottom of the 1st over - 1 run, 1 hit, 0 errors, 2 left on base; Chesapeake 1 - Minnesota 1
TOP OF THE 2ND
Chesapeake Continentals batting - Pitching for Minnesota Loons : RHP Lorenzo Díaz
Batting: RHB Brian Moring 0-0: Ball
1-0: SINGLE (Line Drive, 7S)
Batting: RHB Norm Chodorow 0-0: Ball
1-0: Called Strike
1-1: Called Strike
1-2: Strikes out swinging
Batting: RHB Dani Durán 0-0: Foul Ball, location: 2F
0-1: Swinging Strike
0-2: Ball
1-2: Fly out, F9 (Line Drive, 9D)
Batting: RHB Wes Griffith 0-0: Ball
1-0: Foul Ball, location: 2F
1-1: Foul Ball, location: 2F
1-2: Ball
2-2: Ball
3-2: Ground out 6-3 (Groundball, 56)
Top of the 2nd over - 0 runs, 1 hit, 0 errors, 1 left on base; Chesapeake 1 - Minnesota 1
BOTTOM OF THE 2ND
Minnesota Loons batting - Pitching for Chesapeake Continentals : RHP Juan Valdéz
Batting: RHB Cody Jaeckel 0-0: Called Strike
0-1: Ball
1-1: Ball
2-1: Ball
3-1: Base on Balls
Batting: RHB Leonardo Medina 0-0: SINGLE (Groundball, 56) (infield hit)
Cody Jaeckel to second
Batting: RHB Tabor Muzquiz 0-0: Ball
Throwing error on steal attempt, E2
Cody Jaeckel scores
Leonardo Medina to third
1-0: Foul Ball, location: 2F
1-1: Ball
2-1: Ball
3-1: Foul Ball, location: 2F
3-2: Ground out 3-1 (Groundball, 34S)
Leonardo Medina scores
Batting: LHB Juan Aranda 0-0: Ball
1-0: Called Strike
1-1: Ball
2-1: Ball
3-1: Base on Balls
Batting: RHB Jorge Echevarría 0-0: Swinging Strike
0-1: Called Strike
Juan Aranda steals 2nd base
0-2: Ball
1-2: Ground out 6-3 (Groundball, 6)
Juan Aranda to third
Batting: RHB Germán Espantoso 0-0: Ball
1-0: Called Strike
1-1: Fly out, F6 (Line Drive, 6MD)
Bottom of the 2nd over - 2 runs, 1 hit, 1 error, 1 left on base; Chesapeake 1 - Minnesota 3
TOP OF THE 3RD
Chesapeake Continentals batting - Pitching for Minnesota Loons : RHP Lorenzo Díaz
Batting: SHB Holden Nolan 0-0: Called Strike
0-1: Called Strike
0-2: Ground out U3 (Groundball, 2R)
Batting: RHB Micheal Lovell 0-0: Ground out U3 (Groundball, 3S)
Batting: RHB Rand McNally 0-0: Foul Ball, location: 2F
0-1: Ball
1-1: Fly out, F6 (Line Drive, 6)
Top of the 3rd over - 0 runs, 0 hits, 0 errors, 0 left on base; Chesapeake 1 - Minnesota 3
BOTTOM OF THE 3RD
Minnesota Loons batting - Pitching for Chesapeake Continentals : RHP Juan Valdéz
Batting: RHB Ramón Yniguez 0-0: Ball
1-0: Fly out, F5 (Line Drive, 56)
Batting: RHB Jorge Arreola 0-0: Fly out, F8 (Flyball, 8LM)
Batting: RHB Luis Delvalle 0-0: Ball
1-0: Foul Ball, location: 2F
1-1: Foul Ball, location: 2F
1-2: Ball
2-2: Ball
3-2: Ground out 1-3 (Groundball, 13S)
Bottom of the 3rd over - 0 runs, 0 hits, 0 errors, 0 left on base; Chesapeake 1 - Minnesota 3
TOP OF THE 4TH
Chesapeake Continentals batting - Pitching for Minnesota Loons : RHP Lorenzo Díaz
Batting: RHB Arturo Scantlebury 0-0: Ground out 6-3 (Groundball, 6S)
Batting: SHB John Krog 0-0: Foul Ball, location: 2F
0-1: Ball
1-1: Foul Ball, location: 2F
1-2: Foul Ball, location: 2F
1-2: SINGLE (Line Drive, 9S)
Batting: RHB Brian Moring 0-0: Called Strike
0-1: Ball
1-1: Swinging Strike
1-2: Ball
2-2: Ball
3-2: Foul Ball, location: 2F
3-2: Foul Ball, location: 2F
3-2: Strikes out swinging
Batting: RHB Norm Chodorow 0-0: Called Strike
0-1: Ball
1-1: Foul Ball, location: 2F
1-2: Foul Ball, location: 2F
1-2: Ball
2-2: Foul Ball, location: 2F
2-2: Fly out, F1 (Line Drive, 15)
Top of the 4th over - 0 runs, 1 hit, 0 errors, 1 left on base; Chesapeake 1 - Minnesota 3
BOTTOM OF THE 4TH
Minnesota Loons batting - Pitching for Chesapeake Continentals : RHP Juan Valdéz
Batting: RHB Cody Jaeckel 0-0: Ball
1-0: Ball
2-0: Ball
3-0: Base on Balls
Batting: RHB Leonardo Medina 0-0: Ball
1-0: Fielders Choice at 2nd, 5-4 (Groundball, 56)
Batting: RHB Tabor Muzquiz 0-0: Swinging Strike
0-1: Ball
1-1: Foul Ball, location: 2F
1-2: Ball
2-2: Foul Ball, location: 2F
2-2: Foul Ball, location: 2F
2-2: Fly out, F7 (Flyball, 7LMF)
Batting: LHB Juan Aranda 0-0: Ball
1-0: Called Strike
1-1: Ball
2-1: Foul Ball, location: 2F
2-2: Ball
Leonardo Medina steals 2nd base
3-2: Base on Balls
Batting: RHB Jorge Echevarría 0-0: Called Strike
0-1: Foul Ball, location: 2F
0-2: Ball
1-2: Ball
2-2: Fly out, F8 (Flyball, 8RXD)
Bottom of the 4th over - 0 runs, 0 hits, 0 errors, 2 left on base; Chesapeake 1 - Minnesota 3
TOP OF THE 5TH
Chesapeake Continentals batting - Pitching for Minnesota Loons : RHP Lorenzo Díaz
Batting: RHB Dani Durán 0-0: Ball
1-0: Foul Ball, location: 2F
1-1: Foul Ball, location: 2F
1-2: Ground out U3 (Groundball, 34)
Batting: RHB Wes Griffith 0-0: Called Strike
0-1: Foul Ball, location: 2F
0-2: Ball
1-2: Hit by Pitch
Batting: SHB Holden Nolan 0-0: Called Strike
0-1: Called Strike
0-2: Ball
1-2: Fielders Choice at 2nd, 1-6 (Groundball, 13S)
Batting: RHB Micheal Lovell 0-0: Ball
1-0: Ball
2-0: SINGLE (Groundball, 6MD)
Holden Nolan to second
Batting: RHB Rand McNally 0-0: Ball
1-0: Foul Ball, location: 2F
1-1: Called Strike
1-2: Ball
2-2: Foul Ball, location: 2F
2-2: Ball
3-2: Fly out, F4 (Line Drive, 4M)
Top of the 5th over - 0 runs, 1 hit, 0 errors, 2 left on base; Chesapeake 1 - Minnesota 3
BOTTOM OF THE 5TH
Minnesota Loons batting - Pitching for Chesapeake Continentals : RHP Juan Valdéz
Batting: RHB Germán Espantoso 0-0: Called Strike
0-1: Ball
1-1: Called Strike
1-2: DOUBLE (Line Drive, 7LM)
Batting: RHB Ramón Yniguez 0-0: Ball
Germán Espantoso steals 3rd base
1-0: Called Strike
1-1: Foul Ball, location: 2F
1-2: Ball
2-2: Strikes out looking
Batting: RHB Jorge Arreola 0-0: Called Strike
0-1: Ball
1-1: Fly out, F9 (Flyball, 9D)
Runner from 3rd tags up, SCORES, throw made
Batting: RHB Luis Delvalle 0-0: Ball
1-0: Called Strike
1-1: Foul Ball, location: 2F
1-2: Ball
2-2: Ball
3-2: Base on Balls
Batting: RHB Cody Jaeckel 0-0: Ball
1-0: Called Strike
1-1: SINGLE (Groundball, 6D)
Luis Delvalle to second
Pitching: RHP Joseph Chartier
Batting: RHB Leonardo Medina 0-0: Called Strike
0-1: SINGLE (Groundball, 2L) (infield hit)
Luis Delvalle to third
Cody Jaeckel to second
Batting: RHB Tabor Muzquiz 0-0: Called Strike
0-1: Called Strike
0-2: Foul Ball, location: 2F
0-2: Foul Ball, location: 2F
0-2: Ball
1-2: Fly out, F8 (Flyball, 89M)
Bottom of the 5th over - 1 run, 3 hits, 0 errors, 3 left on base; Chesapeake 1 - Minnesota 4
TOP OF THE 6TH
Chesapeake Continentals batting - Pitching for Minnesota Loons : RHP Lorenzo Díaz
Batting: RHB Arturo Scantlebury 0-0: Called Strike
0-1: Ball
1-1: Called Strike
1-2: Fly out, F8 (Flyball, 8RD)
Batting: SHB John Krog 0-0: Ball
1-0: Foul Ball, location: 2F
1-1: Ball
2-1: Ball
3-1: Base on Balls
Batting: RHB Brian Moring 0-0: Called Strike
0-1: Fielders Choice at 2nd, 1-6 (Groundball, 13S)
Batting: RHB Norm Chodorow 0-0: Ball
1-0: Ball
2-0: SINGLE (Line Drive, 56D)
Brian Moring to second
Pitching: RHP Horatio McAllister
Batting: RHB Dani Durán 0-0: Called Strike
0-1: Swinging Strike
0-2: Ball
1-2: Foul Ball, location: 2F
1-2: Ball
2-2: Strikes out looking
Top of the 6th over - 0 runs, 1 hit, 0 errors, 2 left on base; Chesapeake 1 - Minnesota 4
BOTTOM OF THE 6TH
Minnesota Loons batting - Pitching for Chesapeake Continentals : RHP Joseph Chartier
Batting: LHB Juan Aranda 0-0: Called Strike
0-1: Ball
1-1: Called Strike
1-2: Ground out 5-3 (Groundball, 5)
Batting: RHB Jorge Echevarría 0-0: Fly out, F9 (Line Drive, 9)
Batting: RHB Germán Espantoso 0-0: Ground out U3 (Groundball, 34)
Bottom of the 6th over - 0 runs, 0 hits, 0 errors, 0 left on base; Chesapeake 1 - Minnesota 4
TOP OF THE 7TH
Chesapeake Continentals batting - Pitching for Minnesota Loons : RHP Horatio McAllister
Batting: RHB Wes Griffith 0-0: Ground out 5-3 (Groundball, 56)
Batting: SHB Holden Nolan 0-0: Called Strike
0-1: Foul Ball, location: 2F
0-2: Ball
1-2: Ground out 3-1 (Groundball, 34S)
Batting: RHB Micheal Lovell 0-0: Fly out, F8 (Flyball, 8LD)
Top of the 7th over - 0 runs, 0 hits, 0 errors, 0 left on base; Chesapeake 1 - Minnesota 4
BOTTOM OF THE 7TH
Minnesota Loons batting - Pitching for Chesapeake Continentals : RHP Joseph Chartier
Batting: RHB Ramón Yniguez 0-0: Foul Ball, location: 2F
0-1: SINGLE (Groundball, 56D)
Batting: RHB Jorge Arreola 0-0: Ball
1-0: Called Strike
1-1: Swinging Strike
1-2: Grounds into double play, 5-4-3 (Groundball, 56)
Batting: RHB Luis Delvalle 0-0: Called Strike
0-1: Ball
1-1: Swinging Strike
1-2: Foul Ball, location: 2F
1-2: Strikes out swinging
Bottom of the 7th over - 0 runs, 1 hit, 0 errors, 0 left on base; Chesapeake 1 - Minnesota 4
TOP OF THE 8TH
Chesapeake Continentals batting - Pitching for Minnesota Loons : RHP Horatio McAllister
Batting: RHB Rand McNally 0-0: Ball
1-0: Ball
2-0: Ball
3-0: Base on Balls
Batting: RHB Arturo Scantlebury 0-0: Fly out, F9 (Flyball, 89M)
Batting: SHB John Krog 0-0: Ball
1-0: Fly out, F9 (Flyball, 9S)
Batting: RHB Brian Moring 0-0: Ball
1-0: Foul Ball, location: 2F
1-1: Called Strike
1-2: Ball
2-2: Ground out 4-3 (Groundball, 4M)
Top of the 8th over - 0 runs, 0 hits, 0 errors, 1 left on base; Chesapeake 1 - Minnesota 4
BOTTOM OF THE 8TH
Minnesota Loons batting - Pitching for Chesapeake Continentals : RHP Joseph Chartier
Batting: RHB Cody Jaeckel 0-0: Ball
1-0: Fly out, F8 (Flyball, 8RM)
Batting: RHB Leonardo Medina 0-0: Called Strike
0-1: Swinging Strike
0-2: Foul Ball, location: 2F
0-2: Ball
1-2: Ball
2-2: Foul Ball, location: 2F
2-2: Foul Ball, location: 2F
2-2: Ball
3-2: Strikes out looking
Batting: RHB Tabor Muzquiz 0-0: Ball
1-0: Called Strike
1-1: Called Strike
1-2: Strikes out swinging
Bottom of the 8th over - 0 runs, 0 hits, 0 errors, 0 left on base; Chesapeake 1 - Minnesota 4
TOP OF THE 9TH
Chesapeake Continentals batting - Pitching for Minnesota Loons : RHP Horatio McAllister
Batting: RHB Norm Chodorow 0-0: Fly out, F8 (Flyball, 8LXD)
Batting: RHB Dani Durán 0-0: Swinging Strike
0-1: Ball
1-1: Ball
2-1: Foul Ball, location: 2F
2-2: Foul Ball, location: 2F
2-2: Strikes out looking
Batting: RHB Wes Griffith 0-0: Called Strike
0-1: Ball
1-1: Swinging Strike
1-2: Ball
2-2: Foul Ball, location: 2F
2-2: Ball
3-2: Strikes out swinging
Top of the 9th over - 0 runs, 0 hits, 0 errors, 0 left on base; Chesapeake 1 - Minnesota 4
Sunday, March 18th, 2018 - OOTP Baseball 18.8 Build 76